 Dungeon Crawl Stone Soup version 0.31-a0-1540-g5a0b83f448 (webtiles) character file.

Game seed: 17690721946918878406

176615 Implojin the Black Belt (level 17, 0/126 (128) HPs)
             Began as a Demonspawn Berserker on Jan 1, 2024.
             Was a High Priest of Trog.
             Slain by a seven-headed hydra simulacrum (34 damage)
             ... on level 4 of the Swamp.
             The game lasted 01:18:01 (27475 turns).

Implojin the Black Belt (Demonspawn Berserker)     Turns: 27475, Time: 01:18:02

HP:   0/126 (128)   AC: 51    Str: 16    XL:     17   Next: 51%
MP:   17/17         EV:  4    Int: 10    God:    Trog [*****.]
Gold: 2003          SH: 11    Dex: 21    Spells: 16/16 levels left

rFire   . .          .
                       - Unarmed
rCold   . . .        T - +0 buckler
rNeg    . . .        Q - +8 orange crystal plate armour {Archmagi, Int+3 Clar}
rPois   +            (helmet unavailable)
rElec   .            x - +2 cloak
rCorr   +            P - +2 pair of gloves
SInv    +            n - +2 pair of boots
Will    ++...        s - amulet of regeneration Stlth
                     b - +4 ring of protection
HPRegen 1.21/turn    I - ring "Voecu" {+Blink rPois Str-2 Slay+3 SInv}
MPRegen 0.15/turn

%: clarity, archmagi
@: grasped by roots, constricted, lightly drained, very slow
A: horns 3, yellow scales 3, demonic guardian 2, condensation shield, demonic
willpower
a: Renounce Religion, Evoke Blink, Berserk, Trog's Hand, Brothers in Arms


You were on level 4 of the Swamp.
You worshipped Trog.
Trog was extremely pleased with you.
You visited 5 branches of the dungeon, and saw 27 of its levels.
You also visited: Gauntlet.

You collected 3062 gold pieces.
You spent 1059 gold pieces at shops.

Inventory:

Missiles
 f - 19 boomerangs (quivered)
 v - 3 throwing nets
 J - 22 curare-tipped darts
 M - 5 javelins
 S - 6 atropa-tipped darts
 W - 7 silver javelins
Armour
 n - a +2 pair of boots (worn)
 x - a +2 cloak (worn)
 y - a scarf of repulsion
 B - the +5 robe of Misfortune {Harm *Corrode *Slow EV+5}
   (You found it on level 5 of the Dungeon)

   EV+5:      It affects your evasion (+5).
   *Corrode:  It may corrode you when you take damage.
   *Slow:     It may slow you when you take damage.
   Harm:      It increases damage dealt and taken.
 P - a +2 pair of gloves (worn)
 Q - the +8 orange crystal plate armour (worn) {Archmagi, Int+3 Clar}
   (You found it in a Gauntlet)

   Int+3:     It affects your intelligence (+3).
   Clar:      It protects you from confusion, rage, mesmerisation and fear.
 T - a +0 buckler (worn)
Jewellery
 b - a +4 ring of protection (left hand)
 e - a ring of protection from fire
 k - a +4 ring of slaying
 q - a ring of protection from fire
 s - an amulet of regeneration (around neck)
 w - a ring of ice
 I - the ring "Voecu" (right hand) {+Blink rPois Str-2 Slay+3 SInv}
   (You found it on level 1 of the Lair of Beasts)

   [ring of see invisible]

   Str-2:     It affects your strength (-2).
   Slay+3:    It affects your accuracy & damage with ranged weapons and melee
   (+3).
   rPois:     It protects you from poison SInv: It lets you see invisible.
   +Blink:    It lets you blink.
 U - the ring "Ezipeisch" {Fire *Corrode Dex+6}
   (You found it in a Gauntlet)

   [ring of fire]

   Fire:      It enhances your fire magic.
   Dex+6:     It affects your dexterity (+6).
   rF+:       It protects you from fire.
   rC-:       It makes you vulnerable to cold.
   *Corrode:  It may corrode you when you take damage.
 Y - a ring of willpower
 Z - the amulet "Hioraof" {Regen+ Dex+2}
   (You found it on level 3 of the Swamp)

   [amulet of regeneration]

   Dex+2:     It affects your dexterity (+2).
   Regen+:    It increases your rate of health regeneration.
Wands
 d - a wand of light (3)
 r - a wand of iceblast (35)
 C - a wand of polymorph (21)
 D - a wand of paralysis (30)
 F - a wand of flame (2)
 K - a wand of mindburst (25)
 R - a wand of digging (7)
Scrolls
 h - 6 scrolls of immolation
 i - 4 scrolls of teleportation
 o - 8 scrolls of fog
 t - 4 scrolls of enchant armour
 u - 4 scrolls of identify
 z - 4 scrolls of revelation
 A - a scroll of amnesia {unknown}
 G - 3 scrolls of poison
 X - 4 scrolls of blinking
Potions
 a - 5 potions of ambrosia
 c - 3 potions of haste
 g - 2 potions of heal wounds
 j - 13 potions of curing
 l - 2 potions of invisibility
 E - 4 potions of might
 H - 3 potions of mutation
 L - 3 potions of magic
 N - 4 potions of cancellation
 O - 4 potions of enlightenment
 V - 2 potions of resistance
Miscellaneous
 m - a phantom mirror (inert)
 p - a phial of floods


   Skills:
 - Level 10.0 Fighting
 - Level 3.0 Throwing
 - Level 16.0 Armour
 - Level 10.0 Dodging
 - Level 4.0 Stealth
 * Level 8.1 Shields
 - Level 18.0 Unarmed Combat
 - Level 10.0 Evocations


You had 16 spell levels left.
You didn't know any spells.
Your spell library contained the following spells:

 Spells                   Type           Power      Damage    Failure   Level
 Animate Dead             Necr           0%         N/A       100%        4
 Haunt                    Necr/Summ      0%         N/A       100%        7
 Infestation              Necr           0%         N/A       100%        8


Dungeon Overview and Level Annotations

Branches:
Dungeon (15/15)            Temple (1/1) D:6            Lair (5/5) D:9
  Swamp (4/4) Lair:2       Spider (0/4) Lair:3        Slime (0/5) Lair:4
    Orc (2/2) D:9             Elf (0/3) Orc:2        Vaults (0/5) D:13
 Depths (0/4) D:15        Gauntlet (visited)

Altars:
Ashenzari
Cheibriados
Dithmenos
Fedhas
Gozag
Hepliaklqana
Kikubaaqudgha
Makhleb
Nemelex Xobeh
Okawaru
Qazlal
Ru
Sif Muna
Trog
Uskayaw
Vehumet
Wu Jian
Xom
Yredelemnul
Jiyva

Shops:
D:4 =   Orc:1 :   Orc:2 *[=(

Portals:
Abyss: D:4
Trove: D:12 (give +2 gold dragon scales)

Annotations:
Lair:4 1 runed translucent door, exclusion: door, Ozorab's ghost, journeyman NaHs


Innate Abilities, Weirdness & Mutations

You have a pair of large horns on your head.
You are completely covered in yellow scales. (AC +4, rCorr)
A demonic guardian rushes to your aid.
A meltable shield of frost defends you. (SH +4)
You punish those that try to bend your will. (Will+)


Message History

Your deep troll is no longer berserk.
The alligator tail-slaps your deep troll!
The alligator closely misses your deep troll.
Your deep troll bites the alligator!
Your deep troll claws the alligator! x2
Your enlightenment fades.
The alligator tail-slaps your deep troll!
Your deep troll dies!
Your deep troll's corpse disappears in a puff of smoke!
The alligator barely misses you. The alligator bites you!
The alligator drags you backwards!
Splash!
Roots burst forth from the earth!
The grasping roots grab you! The grasping roots constrict you.
Danger: seven-headed hydra simulacrum |T2| Reason: simulacrum and no rC, careful Your unstable footing causes you to fumble your attack.
The alligator tail-slaps you but does no damage.
The alligator bites you but does no damage.
You punch the alligator! You headbutt the alligator!
The alligator is almost dead.
The grasping roots constrict you. You block the alligator's attack. x2
The spriggan druid shouts!
You punch the alligator!
You kill the alligator!
Trog accepts your kill.
Danger: seven-headed hydra simulacrum |T2| Reason: simulacrum and no rC, careful You punch the seven-headed hydra simulacrum!
You headbutt the seven-headed hydra simulacrum!
The seven-headed hydra simulacrum is severely damaged.
The grasping roots constrict you!
Your unstable footing causes you to fumble your attack.
The spriggan druid casts a spell at you.
You block the stone arrow.
The seven-headed hydra simulacrum bites you!
The seven-headed hydra simulacrum freezes you!!!
A demonic guardian appears!
The seven-headed hydra simulacrum bites you but does no damage. x2
The seven-headed hydra simulacrum bites you!
The seven-headed hydra simulacrum freezes you!!
You die...

♣♣~..~♣♣~♣♣ ♣♣♣♣♣
♣♣~~~~~.~~~♣♣♣♣ ♣~~..♣
♣.~~~~~~~~~.♣~♣♣♣~.....
♣♣♣.§~~.~~~)♣~...~~~~?~
♣ ♣.§~~~.~~~.~.~§.~~~.
♣ ♣.~~~~.♣♣...~..~.~..
♣♣♣.~~~~.♣♣###...##~~
♣♣...~~...♣ ♣♣~Z#♣
♣†~♣♣.....# #..3@#♣
[♣♣♣..♣♣♣#♣##..~..##
.~♣~~♣♣ #.i~.~.~#
..♣♣♣♣ ♣.~f♣.~..♣ ~.♣
♣..i~~.~~~~~# .♣♣
♣~.♣♣♣#.#♣~.# .~♣ ♣..
♣## #.# .♣♣ §.. ~.. ~♣
~♣.. #..


You could see a shambling mangrove, 2 spriggan druids, a seven-headed hydra
simulacrum (ally target) and a friendly smoke demon (summoned).

Vanquished Creatures
  Mlioglotl (Lair:2)
  Rupert (D:14)
  Gastronok (D:10)
  A thorn hunter (Swamp:4)
  Kirke (D:15)
  2 fenstrider witches (Swamp:3)
  A ghoul (Swamp:4)
  An orc warlord (Orc:2)
  5 eleionomae
  4 bunyips
  A minotaur (Gauntlet)
  A dire elephant (D:15)
  Snorg (Lair:4)
  5 vault guards (D:13)
  A rakshasa (D:13)
  2 shambling mangroves (Swamp:4)
  16 hydras
  An ogre mage (Orc:2)
  A merfolk avatar (Lair:5)
  4 boulder beetles
  A ghost crab (Swamp:3)
  6 alligators
  3 centaur warriors
  Erica (D:8)
  9 two-headed ogres
  2 catoblepae (Lair:5)
  4 tengu warriors (D:15)
  Urug (D:11)
  11 death yaks
  Amaemon (D:11)
  3 skysharks (Lair:5)
  The ghost of ChongLi the Grappler, a novice DrSh of Wu Jian (D:7)
  3 spectral death yaks (Lair:1)
  4 goliath frogs
  2 bog bodies
  The ghost of Zonian the Summoner, a novice FeSu of Gozag (Lair:1)
  3 sea snakes (Lair:5)
  8 swamp dragons
  2 arcanists (D:13)
  A lindwurm (Lair:5)
  A deep elf archer (D:13)
  Pikel (D:5)
  3 spectral hydras (Swamp:4)
  3 orc knights (Orc:2)
  2 deep elf pyromancers (D:15)
  A wolf spider (D:14)
  4 harpies (D:15)
  4 orc sorcerers (Orc:2)
  5 cyclopes
  28 ugly things
  A spectral boulder beetle (Lair:1)
  5 will-o-the-wisps
  3 manticores
  A moth of wrath (D:7)
  7 black mambas
  A smoke demon (Gauntlet)
  2 molten gargoyles (Lair:4)
  4 gargoyles
  A kobold blastminer (Orc:2)
  A water nymph (D:15)
  3 torpor snails
  5 elephants (Lair:5)
  An apocalypse crab (Gauntlet)
  13 cane toads
  An orange demon (D:11)
  Jeremiah (D:6)
  2 yaktaurs (D:13)
  8 kobold demonologists
  2 freezing wraiths
  11 komodo dragons
  A red devil (Gauntlet)
  2 hydra zombies (Swamp:4)
  13 trolls
  A bloated husk (Swamp:1)
  8 polar bears
  A polar bear (shapeshifter) (D:14)
  A death drake zombie (Swamp:4)
  9 hornets
  4 tyrant leeches
  A snapping turtle (Lair:5)
  2 hydra skeletons (Swamp:4)
  28 blink frogs
  15 dream sheep
  17 slime creatures
  A culicivora (Lair:3)
  6 spriggans
  A jumping spider (Lair:3)
  3 wraiths
  A small abomination (D:4)
  3 hogs
  71 yaks
  5 wyverns
  A basilisk (D:15)
  A steam dragon (Lair:5)
  3 humans
  Grum (D:9)
  A catoblepas simulacrum (Lair:1)
  11 vampire mosquitoes
  3 wargs
  Menkaure (D:5)
  A spectral cane toad (Lair:1)
  The ghost of pigah the Changeling, an amateur OpSh (D:4)
  Edmund (D:5)
  12 swamp worms
  9 water moccasins
  A swamp dragon zombie (Swamp:4)
  8 swamp drakes
  4 black bears
  28 orc warriors
  A sky beast (D:7)
  A black mamba simulacrum (Lair:1)
  2 ice beasts
  7 ogres
  2 centaurs
  10 wolves
  A centaur (shapeshifter) (D:13)
  A lemure (D:5)
  12 kobold brigands
  7 bullfrogs
  2 gnoll sergeants (D:9)
  A scorpion (D:6)
  13 wights
  11 killer bees
  4 howler monkeys
  An electric eel (Lair:1)
  5 crimson imps
  2 bombardier beetles
  16 hounds
  A jelly (D:4)
  5 gnoll boudas
  12 orc priests
  Crazy Yiuf (D:3)
  5 iguanas
  3 sleepcaps
  10 orc wizards
  9 adders
  24 gnolls
  A white imp (D:6)
  3 shadow imps
  4 ufetubi
  2 dart slugs
  2 ribbon worms
  73 orcs
  9 ball pythons
  6 endoplasms
  2 giant cockroaches
  8 goblins
  7 hobgoblins
  9 jackals
  20 kobolds
  3 quokkas
  4 bats
  2 frilled lizards
  5 rats
853 creatures vanquished.

Vanquished Creatures (collateral kills)
  Frances (Swamp:1)
  A fenstrider witch (Swamp:4)
  An eleionoma (Swamp:4)
  A bunyip (Swamp:2)
  An alligator (Swamp:1)
  4 death yaks (Lair:3)
  A goliath frog (Swamp:1)
  A spriggan druid (Swamp:4)
  2 swamp dragons
  A flayed ghost (Swamp:4)
  A spectral hydra (Swamp:4)
  An ugly thing (D:14)
  2 cane toads (Lair:3)
  A rime drake (Lair:3)
  2 komodo dragons
  A hydra skeleton (Swamp:4)
  4 hornets
  A death drake skeleton (Swamp:4)
  4 spriggans
  A steam dragon (Lair:4)
  2 swamp worms (Swamp:3)
  A water moccasin (Lair:3)
  A hydra simulacrum (Swamp:4)
  2 bullfrogs
  4 orcs (D:9)
42 creatures vanquished.

Vanquished Creatures (others)
  A blink frog (Lair:5)
  A swamp worm (Swamp:3)
  A swamp drake (Swamp:4)
  24 foxfires
27 creatures vanquished.

Grand Total: 922 creatures vanquished

Notes
Turn   | Place    | Note
-------+----------+-------------------------------------------
     0 | D:1      | Implojin the Demonspawn Berserker began the quest for the
                  | Orb.
     0 | D:1      | Reached XP level 1. HP: 18/18 MP: 1/1
   167 | D:1      | Reached skill level 3 in Unarmed Combat
   439 | D:1      | Gained mutation: You have a pair of small horns on your
                  | head. [demonic ancestry]
   439 | D:1      | Reached XP level 2. HP: 24/24 MP: 2/2
  1010 | D:2      | Reached XP level 3. HP: 29/29 MP: 3/3
  1053 | D:2      | Reached ** piety under Trog
  1085 | D:2      | Reached skill level 4 in Unarmed Combat
  1578 | D:3      | Gained mutation: You are partially covered in yellow
                  | scales. (AC +2) [demonic ancestry]
  1578 | D:3      | Reached XP level 4. HP: 35/35 MP: 4/4
  1739 | D:2      | Reached skill level 5 in Unarmed Combat
  1830 | D:3      | Gained mutation: You have a pair of horns on your head.
                  | [demonic ancestry]
  1830 | D:3      | Reached XP level 5. HP: 41/41 MP: 5/5
  1870 | D:3      | Found a faded altar of an unknown god.
  2067 | D:3      | Found a sacrificial altar of Ru.
  2143 | D:3      | Found a runed translucent door.
  2144 | D:3      | Noticed Crazy Yiuf
  2578 | D:3      | Killed Crazy Yiuf
  2692 | D:4      | Reached skill level 6 in Unarmed Combat
  2729 | D:4      | Noticed a black bear
  2742 | D:4      | Killed a black bear
  2743 | D:4      | Gained mutation: You have a pair of large horns on your
                  | head. [demonic ancestry]
  2743 | D:4      | Reached XP level 6. HP: 47/47 MP: 6/6
  2892 | D:4      | Found a transporter.
  2892 | D:4      | Noticed pigah's ghost (amateur OpSh)
  2895 | D:4      | Noticed a small abomination
  2901 | D:4      | Found a one-way gate to the infinite horrors of the Abyss.
  2955 | D:4      | Reached skill level 7 in Unarmed Combat
  3111 | D:4      | Found a transporter.
  3122 | D:4      | Found Xodwou's Jewellery Shop.
  3302 | D:4      | Reached XP level 7. HP: 52/52 MP: 7/7
  3646 | D:5      | Entered Level 5 of the Dungeon
  3687 | D:5      | Found the +5 robe of Misfortune {Harm *Corrode *Slow EV+5}
  3771 | D:5      | Found a burning altar of Makhleb.
  3806 | D:5      | Reached skill level 8 in Unarmed Combat
  3831 | D:5      | Found a bloodstained altar of Trog.
  3849 | D:5      | Noticed Edmund
  3866 | D:5      | Killed Edmund
  3964 | D:5      | Found an iron altar of Okawaru.
  4242 | D:5      | Noticed Menkaure
  4253 | D:5      | Killed Menkaure
  4254 | D:5      | Reached skill level 5 in Fighting
  4256 | D:5      | Gained mutation: You are mostly covered in yellow scales.
                  | (AC +3) [demonic ancestry]
  4256 | D:5      | Reached XP level 8. HP: 62/62 MP: 8/8
  4335 | D:5      | Noticed a troll
  4356 | D:5      | Killed a troll
  4544 | D:5      | Noticed Pikel
  4557 | D:5      | Killed Pikel
  4558 | D:5      | Reached skill level 10 in Unarmed Combat
  4718 | D:6      | Found a basalt altar of Yredelemnul.
  4965 | D:6      | Gained mutation: You are completely covered in yellow
                  | scales. (AC +4, rCorr) [demonic ancestry]
  4965 | D:6      | Reached XP level 9. HP: 68/68 MP: 9/9
  5142 | D:6      | Noticed Jeremiah
  5219 | D:6      | Killed Jeremiah
  5220 | D:6      | Reached skill level 11 in Unarmed Combat
  5280 | D:6      | Found a staircase to the Ecumenical Temple.
  5363 | Temple   | Entered the Ecumenical Temple
  5756 | D:6      | Found an ornate altar of the Wu Jian Council.
  5801 | D:6      | Found a sparkling altar of Nemelex Xobeh.
  5856 | D:7      | Found a blossoming altar of Fedhas.
  6020 | D:7      | Found a hide-covered altar of Uskayaw.
  6177 | D:7      | Reached skill level 12 in Unarmed Combat
  6359 | D:7      | Found a transporter.
  6359 | D:7      | Noticed ChongLi's ghost (novice DrSh)
  6361 | D:7      | Noticed a komodo dragon
  6363 | D:7      | Noticed a moth of wrath
  6379 | D:7      | Found a transporter.
  6424 | D:7      | Reached skill level 1 in Stealth
  7204 | D:8      | Reached *** piety under Trog
  7205 | D:8      | Gained mutation: You punish those that try to bend your
                  | will. (Will+) [demonic ancestry]
  7205 | D:8      | Reached XP level 10. HP: 65/74 MP: 10/10
  7339 | D:8      | Noticed Erica
  7580 | D:8      | Reached skill level 13 in Unarmed Combat
  7629 | D:8      | Killed Erica
  7715 | D:8      | Noticed a soul eater
  7717 | D:8      | Noticed a rust devil
  7795 | D:8      | Reached skill level 14 in Unarmed Combat
  8464 | D:9      | Gained mutation: A weak demonic guardian rushes to your
                  | aid. [demonic ancestry]
  8464 | D:9      | Reached XP level 11. HP: 73/79 MP: 11/11
  8535 | D:9      | Found a staircase to the Lair.
  8630 | D:9      | Reached **** piety under Trog
  8712 | D:9      | Found a shimmering blue altar of Sif Muna.
  8998 | D:9      | Reached skill level 15 in Unarmed Combat
  9045 | D:9      | Found a staircase to the Orcish Mines.
  9457 | D:9      | Identified a scroll of acquirement
  9466 | D:9      | Acquired 242 gold pieces
  9617 | D:4      | Bought a +4 ring of slaying for 780 gold pieces
  9769 | D:9      | Noticed Grum
  9773 | D:9      | Killed Grum
  9794 | D:10     | Entered Level 10 of the Dungeon
  9794 | D:10     | Noticed Gastronok
  9809 | D:10     | Killed Gastronok
  9810 | D:10     | Reached skill level 5 in Dodging
 10114 | D:10     | Noticed Sonja
 10115 | D:10     | Sonja changed into Sonja the yak
 10115 | D:10     | Noticed Sonja
 10125 | D:10     | Killed Sonja the yak
 10332 | D:10     | Reached ***** piety under Trog
 10576 | D:10     | Noticed a two-headed ogre
 10580 | D:10     | Killed a two-headed ogre
 10677 | D:11     | Noticed Urug
 10697 | D:11     | Killed Urug
 10787 | D:11     | Noticed a green ugly thing
 10794 | D:11     | Killed a green ugly thing
 10928 | D:11     | Reached XP level 12. HP: 86/86 MP: 12/12
 11001 | D:11     | Noticed Maurice
 11005 | D:11     | Maurice changed into Maurice the warg
 11005 | D:11     | Noticed Maurice
 11010 | D:11     | Killed Maurice the warg
 11236 | D:11     | Noticed a two-headed ogre
 11236 | D:11     | Noticed a two-headed ogre
 11256 | D:11     | Killed a two-headed ogre
 11315 | D:11     | Killed a two-headed ogre
 11373 | D:11     | Noticed Amaemon
 11390 | D:11     | Killed Amaemon
 11391 | D:11     | Reached skill level 10 in Dodging
 11513 | D:11     | Noticed a two-headed ogre
 11519 | D:11     | Killed a two-headed ogre
 12079 | D:4      | Killed pigah's ghost
 12259 | D:7      | Reached skill level 5 in Armour
 12267 | D:7      | Killed ChongLi's ghost
 12275 | D:7      | Identified the +0 cloak of Benevolence {*Slow rF+ Int+10}
 12359 | Lair:1   | Entered Level 1 of the Lair of Beasts
 12838 | Lair:1   | Found a runed translucent gate.
 12839 | Lair:1   | Found a runed translucent gate.
 12840 | Lair:1   | Found a runed translucent gate.
 12842 | Lair:1   | Noticed Zonian's ghost (novice FeSu)
 12857 | Lair:1   | Identified the ring "Voecu" {+Blink rPois Str-2 Slay+3
                  | SInv}
 13341 | Lair:2   | Gained mutation: A meltable shield of frost defends you.
                  | (SH +4) [demonic ancestry]
 13341 | Lair:2   | Reached XP level 13. HP: 80/91 MP: 13/13
 13612 | Lair:2   | Reached skill level 10 in Armour
 13672 | Lair:2   | Reached skill level 1 in Throwing
 13731 | Lair:2   | Reached skill level 1 in Evocations
 13846 | Lair:2   | Found a staircase to the Swamp.
 14403 | Lair:3   | Received a gift from Trog
 14450 | Lair:3   | Reached skill level 5 in Evocations
 14504 | Lair:3   | Found a hole to the Spider Nest.
 15322 | Lair:4   | Reached XP level 14. HP: 75/98 MP: 14/14
 15396 | Lair:4   | Noticed Snorg
 15410 | Lair:4   | Killed Snorg
 15528 | Lair:4   | Found a runed translucent door.
 15529 | Lair:4   | Found a shimmering altar of Xom.
 15529 | Lair:4   | Noticed Ozorab's ghost (journeyman NaHs)
 15530 | Lair:4   | Identified the +9 rapier of the Final Decision {chaos, rF+
                  | Will- Int+2}
 15543 | Lair:4   | Found a staircase to the Slime Pits.
 15544 | Lair:4   | Found a viscous altar of Jiyva.
 15560 | Lair:4   | Reached skill level 10 in Evocations
 15912 | Lair:5   | Entered Level 5 of the Lair of Beasts
 16024 | Lair:5   | Received a gift from Trog
 16092 | Lair:5   | Found a gate leading to a gauntlet.
 16160 | Gauntlet | Entered a Gauntlet
 16160 | Gauntlet | Found the +8 orange crystal plate armour {Archmagi, Int+3
                  | Clar}
 16160 | Gauntlet | Found a transporter.
 16160 | Gauntlet | Found a transporter.
 16160 | Gauntlet | Found a transporter.
 16161 | Gauntlet | Found a transporter.
 16165 | Gauntlet | Found a transporter.
 16171 | Gauntlet | Found a transporter.
 16173 | Gauntlet | Found a transporter.
 16174 | Gauntlet | Found a transporter.
 16179 | Gauntlet | Found a transporter.
 16187 | Gauntlet | Found a transporter.
 16208 | Gauntlet | Found a transporter.
 16209 | Gauntlet | Found a transporter.
 16301 | Gauntlet | Reached ****** piety under Trog
 16456 | Gauntlet | Identified the +7 hand axe "Plog" {heavy, Str+2 Int+4}
 16475 | Gauntlet | Identified the ring "Ezipeisch" {Fire *Corrode Dex+6}
 16547 | Gauntlet | Identified the +0 scale mail of Keonych {Rampage Int+4}
 16668 | Lair:5   | Upgraded the game from 0.31-a0-1529-g7bd419a0e5 to
                  | 0.31-a0-1540-g5a0b83f448
 16828 | Lair:5   | Reached skill level 10 in Fighting
 16930 | Lair:5   | Received a gift from Trog
 17142 | Lair:5   | Identified the +0 trident "Waysmaif" {drain, rElec Str-2
                  | SInv}
 17143 | Lair:5   | Identified the +3 bardiche "Jellyslayer" {venom, rF+ Dex+3
                  | SInv}
 17307 | Lair:5   | Reached skill level 16 in Unarmed Combat
 17331 | Lair:5   | Reached XP level 15. HP: 104/115 MP: 15/15
 17718 | Lair:1   | Killed Zonian's ghost
 18582 | D:12     | Reached skill level 17 in Unarmed Combat
 18694 | D:12     | Found a portal to a secret trove of treasure.
 19276 | D:13     | Found a gate to the Vaults.
 19295 | D:13     | Received a gift from Trog
 19689 | D:14     | Noticed Rupert
 19787 | D:14     | Killed Rupert
 19788 | D:14     | Reached skill level 18 in Unarmed Combat
 20952 | D:15     | Entered Level 15 of the Dungeon
 21098 | D:15     | Found a staircase to the Depths.
 21353 | D:15     | Noticed Kirke
 21375 | D:15     | Killed Kirke
 21438 | D:15     | Found a radiant altar of Vehumet.
 21553 | D:15     | Reached XP level 16. HP: 122/122 MP: 16/16
 22166 | D:15     | Received a gift from Trog
 22647 | Orc:1    | Entered Level 1 of the Orcish Mines
 22709 | Orc:1    | Found Qugeeliph's Vocational Training.
 22945 | Orc:2    | Entered Level 2 of the Orcish Mines
 22945 | Orc:2    | Found a staircase to the Elven Halls.
 23101 | Orc:2    | Found Sint's General Store.
 23120 | Orc:2    | Found Besupylin's Antique Armour Emporium.
 23332 | Orc:2    | Found Voric's Jewellery Shoppe.
 23478 | Orc:2    | Received a gift from Trog
 23572 | Orc:2    | Found Furchif's Antique Weapon Boutique.
 24019 | Orc:2    | Bought 3 scrolls of identify for 108 gold pieces
 24019 | Orc:2    | Bought a scroll of blinking for 135 gold pieces
 24019 | Orc:2    | Bought a scroll of identify for 36 gold pieces
 24181 | Swamp:1  | Entered Level 1 of the Swamp
 24322 | Swamp:1  | Noticed Mlioglotl
 24389 | Lair:2   | Killed Mlioglotl
 24577 | Swamp:1  | Noticed Frances
 24584 | Swamp:1  | Killed Frances
 25144 | Swamp:2  | Reached skill level 15 in Armour
 26121 | Swamp:3  | Gained mutation: A demonic guardian rushes to your aid.
                  | [demonic ancestry]
 26121 | Swamp:3  | Reached XP level 17. HP: 128/128 MP: 17/17
 26261 | Swamp:3  | Identified the amulet "Hioraof" {Regen+ Dex+2}
 26435 | Swamp:3  | Reached skill level 1 in Shields
 26533 | Swamp:4  | Entered Level 4 of the Swamp
 26573 | Swamp:4  | Paralysed by a fenstrider witch for 2 turns
 26837 | Swamp:4  | Reached skill level 5 in Shields
 26916 | Swamp:4  | Received a gift from Trog
 27475 | Swamp:4  | Slain by a seven-headed hydra simulacrum

Illustrated notes

Levels and vault maps discovered:
D:1:      matt_arrival_diagonals, layout_loops_ring
D:2:      layout_rooms
D:3:      layout_rooms, nicolae_ru_sacrificial_ziggurat,
          nicolae_ecumenical_lake_church, minivault_5, uniq_crazy_yiuf_cottage
D:4:      layout_basic, tso_oasis_becter, gammafunk_ghost_abyssal_escape,
          serial_shops, nicolae_shop_statue_plus
D:5:      layout_gridville, okawaru_gym_becter, zin_treasury, lemuel_tele_altar,
          kennysheep_mini_moat, uniq_menkaure, uniq_edmund, uniq_pikel
D:6:      layout_loops_cross, yredelemnul_altar_generic, jmf_multi_god_temple2,
          temple_statues, st_stairs_11, uniq_jeremiah
D:7:      layout_basic, lemuel_round_altar, fedhas_altar_3,
          gammafunk_ghost_berserking_beasts
D:8:      layout_loops_ring, uniq_erica
D:9:      layout_big_octagon, lemuel_round_altar, dpeg_oklobed_lair, erik_orc_1,
          serial_gnoll_camp, gnoll_camp_mini_basic, gnoll_camp_huts_basic,
          gnoll_camp_mini_basic, grums_kennel, gnoll_camp_mini_loothouse,
          gnoll_camp_mini_house, hangedman_decor_growths,
          serial_library_hellmonk_narrow_alcove
D:10:     layout_roguey [special_room_orc], uniq_gastronok, uniq_sonja
D:11:     layout_roguey, uniq_urug, uniq_maurice, uniq_amaemon
D:12:     layout_gridville, nicolae_trove_entry_diagonal
D:13:     layout_cave_pools, grunt_vaults_entry_fortified,
          minmay_misc_feat_square
D:14:     layout_stronghold, nicolae_wwwww, uniq_rupert
D:15:     hangedman_depths_entry_try_elsewhere_first, layout_layer_cave,
          fiery_altar_vehumet, hangedman_aviary, uniq_kirke
Temple:   eino_temple_lava
Lair:1:   layout_chaotic_city, gammafunk_ghost_necromancy,
          infiniplex_staircase_pool
Lair:2:   layout_regular_city, minmay_swamp_entry_worms, grunt_megastairs_4
Lair:3:   layout_long_grid, spider_nest_entry_funnel_web, grunt_megastairs_1
Lair:4:   layout_gridlike, slime_entry_1, ebering_ghost_xom,
          cheibrodos_lair_lostbears, uniq_snorg
Lair:5:   gammafunk_lair_ancient_temple, layout_loops_ring,
          gauntlet_entry_generic
Swamp:1:  layout_basic_swamp, evilmike_swamp_ruin_house_2, swamp_pool_1_2,
          nicolae_swamp_small_spring, nicolae_swamp_orc_logging_accident,
          uniq_frances, uniq_mlioglotl
Swamp:2:  layout_basic_swamp, serial_swamp_ruin, evilmike_swamp_ruin_wall,
          hangedman_swamp_ruin_wall, evilmike_swamp_ruin_house_4
Swamp:3:  layout_falls_marsh, nicolae_swamp_very_dense_foliage
Swamp:4:  byrel_swamp_growth_death_and_undeath, layout_basic_swamp, swamp_pool_5
Orc:1:    layout_diamond_mine, library_closet, nicolae_shop_vocational
Orc:2:    grunt_orc_gardens, layout_caves, grunt_orc_garden, grunt_orc_garden,
          grunt_orc_garden, grunt_orc_garden

Skill      XL: |  1  2  3  4  5  6  7  8  9 10 11 12 13 14 15 16 17 |
---------------+----------------------------------------------------+-----
Unarmed Combat | 3 4 5 6 7 8 10 12 14 15 16 18 | 18.0
Fighting       | 5 10 | 10.0
Stealth        | 4 |  4.0
Dodging        | 9 10 | 10.0
Armour         | 8 10 12 16 | 16.0
Throwing       | 3 |  3.0
Evocations     | 9 10 | 10.0
Shields        | 8 |  8.1

Action                     |  1- 3 |  4- 6 |  7- 9 | 10-12 | 13-15 | 16-18 || total
---------------------------+-------+-------+-------+-------+-------+-------++-------
  Melee: Unarmed           |   119 |    88 |   241 |   578 |  1030 |   793 ||  2849
         Headbutt          |    13 |    20 |    59 |   143 |   310 |   232 ||   777
         Punch             |       |     4 |    13 |    63 |   128 |    28 ||   236
  Throw: Boomerang         |     1 |     6 |       |     7 |    36 |    23 ||    73
         Stone             |       |     2 |    10 |    33 |       |       ||    45
         Dart              |       |       |     9 |    25 |       |     4 ||    38
 Invoke: Berserk           |     5 |    10 |    17 |     7 |       |     4 ||    43
         Brothers in Arms  |       |       |       |     1 |     2 |     5 ||     8
         Trog's Hand       |       |       |       |       |       |     1 ||     1
  Evoke: Wand              |       |       |     8 |     9 |     3 |       ||    20
         Phantom mirror    |       |       |       |       |       |     2 ||     2
    Use: Scroll            |       |     4 |       |    15 |    12 |     7 ||    38
         Potion            |       |       |     1 |     1 |     2 |     7 ||    11
   Stab: Paralysed         |       |       |     3 |     2 |     4 |       ||     9
         Sleeping          |       |       |       |     3 |    12 |     1 ||    16
         Distracted        |       |       |       |     1 |     4 |     4 ||     9
         Petrified         |       |       |       |       |    11 |       ||    11
         Invisible         |       |       |       |       |     2 |     2 ||     4
 Armour: Ring mail         |    50 |    16 |       |       |       |       ||    66
         Animal skin       |     6 |       |       |       |       |       ||     6
         Scale mail        |       |    40 |   138 |   216 |       |       ||   394
         Robe              |       |       |       |    46 |   420 |    94 ||   560
         Crystal plate arm |       |       |       |       |       |   848 ||   848
  Dodge: Dodged            |    72 |    36 |    89 |   360 |   886 |   387 ||  1830
  Block: Other             |    20 |       |       |       |   136 |    35 ||   191
         Buckler           |       |       |       |       |       |   259 ||   259

Table legend: (Time is in decaauts)
 A = Elapsed time spent in this place.
 B = Non-inter-level travel time spent in this place.
 C = Inter-level travel time spent in this place.
 D = Time resting spent in this place.
 E = Time spent auto-exploring this place.
 F = Levels seen in this place.
 G = Mean time per level.
                   A        B        C        D        E       F      G
               +--------+--------+--------+--------+--------+-----+--------+
         Total |  27539 |  25527 |   2012 |   2013 |  15197 |  28 |  983.5 |
       Dungeon |  17318 |  15824 |   1494 |   1343 |   9971 |  15 | 1154.5 |
        Temple |    120 |    120 |      0 |    116 |      0 |   1 |  120.0 |
          Lair |   5006 |   4729 |    277 |    137 |   2681 |   5 | 1001.2 |
         Swamp |   3216 |   3124 |     92 |    295 |   1731 |   4 |  804.0 |
  Orcish Mines |   1381 |   1234 |    147 |     45 |    735 |   2 |  690.5 |
      Gauntlet |    495 |    495 |      0 |     76 |     78 |   1 |  495.0 |
               +--------+--------+--------+--------+--------+-----+--------+

Top non-repeatable levels by time:
     D:8: 1655 daAuts
    D:14: 1400 daAuts
    D:15: 1369 daAuts
     D:9: 1328 daAuts
     D:5: 1312 daAuts
  Lair:2: 1258 daAuts
    D:11: 1229 daAuts
     D:7: 1185 daAuts
     D:3: 1134 daAuts
  Lair:5: 1133 daAuts
     D:6: 1107 daAuts
     D:4: 1098 daAuts
    D:12: 1074 daAuts
   Orc:2: 1016 daAuts
     D:1: 984 daAuts
